 Dungeon Crawl Stone Soup version 0.24.0-123-gd5b16e6ec5 (webtiles) character file.

Game seed: 6393647190079056223, levelgen mode: deterministic

9 Descartes the Scratcher (level 2, -1/14 HPs)
             Began as a Felid Wanderer on Feb 12, 2020.
             Slain by a kobold
             ... wielding a +0 dagger
              (5 damage)
             ... on level 1 of the Dungeon.
             The game lasted 00:00:57 (391 turns).

Descartes the Scratcher (Felid Wanderer)             Turns: 391, Time: 00:00:58

Health: -1/14      AC:  1    Str:  8    XL:     2   Next: 3%
Magic:  3/3        EV: 16    Int: 13    God:
Gold:   38         SH:  0    Dex: 15    Spells: 1/1 levels left
                                        Lives:  0   Deaths: 0

rFire    . . .     SeeInvis +     - Unarmed
rCold    . . .     Gourm    .   (shield unavailable)
rNeg     . . .     Faith    .   (armour unavailable)
rPois    .         Spirit   .   (helmet unavailable)
rElec    .         Reflect  .   (cloak unavailable)
rCorr    .         Harm     .   (gloves unavailable)
MR       .....                  (boots unavailable)
Stlth    ++........             (no amulet)
HPRegen  0.04/turn              (no ring)
MPRegen  0.08/turn              (no ring)

@: quick
A: very small, no armour, no weapons or thrown items, stealth, claws 1, fangs 3,
see invisible, carnivore, speed 1, shaggy fur 1, slow metabolism 1, sharp paws
a: no special abilities


You were on level 1 of the Dungeon.
You were very full.

You visited 1 branch of the dungeon, and saw 1 of its levels.

You collected 38 gold pieces.

Inventory:

Jewellery
 e - an uncursed ring of positive energy {unknown}
Wands
 a - a wand of paralysis (15)
Scrolls
 c - a scroll of teleportation
 f - a scroll of identify {unknown}
Potions
 b - a potion of lignification
Comestibles
 d - 2 rations


   Skills:
 - Level 3.0 Fighting
 + Level 1.0 Dodging
 + Level 1.9 Stealth
 * Level 5.2 Unarmed Combat
 - Level 1.1 Evocations


You had one spell level left.
You didn't know any spells.
Your spell library was empty.

Dungeon Overview and Level Annotations

Branches:
Dungeon (1/15)

Altars:


Innate Abilities, Weirdness & Mutations

You cannot wear armour.
You are incapable of wielding weapons or throwing items.
Your paws allow you to move quietly. (Stealth)
You have sharp claws.
You have razor-sharp teeth.
You have supernaturally acute eyesight. (SInv)
You are carnivorous and can eat meat at any time.
You cover ground quickly.
You are covered in fur. (AC +1)
You have a slow metabolism.
Your sharp claws are effective at attacking unaware monsters.


Message History

The kobold misses you.
You closely miss the kobold. You barely miss the bat.
The bat barely misses you. The kobold misses you.
You closely miss the bat. The bat hits you.
The kobold hits you with a +0 dagger.
You miss the bat. You bite the bat.
The bat is moderately wounded.
The bat barely misses you. The kobold hits you with a +0 dagger.
You are too injured to fight recklessly!
You are too injured to fight recklessly!
You are too injured to fight recklessly!
The bat barely misses you. The bat misses you. The bat closely misses you.
The bat hits you.
* * * LOW HITPOINT WARNING * * *
The bat closely misses you. The bat closely misses you.
You barely miss the bat. The bat misses you.
You barely miss the kobold. The kobold hits you with a +0 dagger.
You die...

#####.#..###.########
..........÷.......#
#####.#....÷......#
......#.#.........#
#......#.##.######
#......#..#.#
#......##.#.#
#(.....# ...#
#.....@###..#
##.####K....# #.
#b#..># # #.#.#.#
#.#)..# #.##### #.#
#.# ..#


You could see a bat and a kobold.

Vanquished Creatures
  A giant cockroach (D:1)
  A hobgoblin (D:1)
  2 jackals (D:1)
  2 bats (D:1)
  3 rats (D:1)
9 creatures vanquished.

Notes
Turn   | Place    | Note
-------+----------+-------------------------------------------
     0 | D:1      | Descartes the Felid Wanderer began the quest for the Orb.
     0 | D:1      | Descartes set off with the following items: a wand of
                  | paralysis (15), a potion of lignification, a scroll of
                  | teleportation, a ration
     0 | D:1      | Reached XP level 1. HP: 10/10 MP: 2/2
   180 | D:1      | Reached skill level 1 in Dodging
   372 | D:1      | Reached XP level 2. HP: 14/14 MP: 3/3
   391 | D:1      | Slain by a kobold

Levels and vault maps discovered:
D:1:      nzn_arrival_crosshair, layout_basic

Skill      XL: |  1 |
---------------+----+-----
Dodging        | 1 |  1.0
Fighting       | |  3.0
Stealth        | |  1.9
Unarmed Combat | |  5.2
Evocations     | |  1.1

Action                   || total
-------------------------++-------
Melee: Unarmed           ||    29
       Punch             ||     1
       Bite              ||     1
 Stab: Sleeping          ||     1
  Eat: Chunk             ||     5
Armor: Skin              ||     4
Dodge: Dodged            ||    38
